| TOP OF THE 1ST |
|
Wichita State University Shockers batting - Pitching for University of Illinois Fighting Illini : RHP Cesar Pulido
|
|
Pitching: RHP Cesar Pulido
|
|
|
Batting: RHB Jonathan Iniguez
|
0-0: Called Strike 0-1: Ball 1-1: Bunt for hit to 25 - play at first, batter OUT! 5-3
|
|
Batting: RHB Jason Baldwin
|
0-0: Ground out U3 (Groundball, 3L, EV 108.1 MPH)
|
|
Batting: RHB Zach Maguire
|
0-0: Called Strike 0-1: Ball 1-1: Fly out, F9 (Line Drive, 9D, EV 88.1 MPH)
|
| Top of the 1st over - 0 runs, 0 hits, 0 errors, 0 left on base; Wichita State University 0 - University of Illinois 0 |
| BOTTOM OF THE 1ST |
|
University of Illinois Fighting Illini batting - Pitching for Wichita State University Shockers : RHP Andres Guillen
|
|
Pitching: RHP Andres Guillen
|
|
|
Batting: RHB Nick Lombardo
|
0-0: Fly out, F8 (Flyball, 8LXD, EV 85.6 MPH)
|
|
Batting: RHB Justin Teague
|
0-0: Ground out 6-3 (Groundball, 56, EV 104.4 MPH)
|
|
Batting: SHB Ryan Buchbinder
|
0-0: Called Strike 0-1: Ball 1-1: Fly out, F9 (Flyball, 9, EV 90.0 MPH)
|
| Bottom of the 1st over - 0 runs, 0 hits, 0 errors, 0 left on base; Wichita State University 0 - University of Illinois 0 |
| TOP OF THE 2ND |
|
Wichita State University Shockers batting - Pitching for University of Illinois Fighting Illini : RHP Cesar Pulido
|
|
Batting: LHB Sam Williams
|
0-0: Called Strike 0-1: Foul Ball, location: 2F 0-2: Foul Ball, location: 2F 0-2: SINGLE (Line Drive, 78M, EV 95.0 MPH)
|
|
Batting: RHB Bill Nguyen-Tan
|
0-0: Swinging Strike 0-1: Foul Ball, location: 2F 0-2: Foul Ball, location: 2F 0-2: Ball 1-2: Ball 2-2: SINGLE (Flyball, 5D, EV 91.9 MPH) Sam Williams to second
|
|
Batting: LHB Steve LeGrand
|
0-0: Ball 1-0: Ball 2-0: Ball 3-0: Called Strike 3-1: Base on Balls Sam Williams to third Bill Nguyen-Tan to second
|
|
Batting: RHB Alex Campos
|
0-0: Ball 1-0: Called Strike 1-1: Swinging Strike 1-2: Strikes out looking
|
|
Batting: SHB Houston Phillips
|
0-0: SINGLE (Line Drive, 4D, EV 99.4 MPH) Sam Williams scores Bill Nguyen-Tan to third Steve LeGrand to second
|
|
Batting: RHB Nick Gossman
|
0-0: Called Strike 0-1: Grounds into double play, 3-6-3 (Groundball, 34S, EV 83.8 MPH)
|
| Top of the 2nd over - 1 run, 3 hits, 0 errors, 2 left on base; Wichita State University 1 - University of Illinois 0 |
| BOTTOM OF THE 2ND |
|
University of Illinois Fighting Illini batting - Pitching for Wichita State University Shockers : RHP Andres Guillen
|
|
Batting: RHB Eric Brandenburg
|
0-0: Ball 1-0: Ball 2-0: Foul Ball, location: 2F 2-1: Called Strike 2-2: Foul Ball, location: 2F 2-2: Strikes out swinging
|
|
Batting: RHB Tim Jobe
|
0-0: Ball 1-0: Called Strike 1-1: Ball 2-1: Ball 3-1: Called Strike 3-2: Fly out, F9 (Flyball, 9D, EV 87.5 MPH)
|
|
Batting: RHB Vinny Torres
|
0-0: Ball 1-0: Ball 2-0: Called Strike 2-1: Ball 3-1: Foul Ball, location: 2F 3-2: SOLO HOME RUN (Flyball, 7D, EV 99.4 MPH), Distance : 384 ft
|
|
Batting: SHB Robert Soto
|
0-0: Called Strike 0-1: Ball 1-1: Swinging Strike 1-2: Ball 2-2: Ball 3-2: Foul Ball, location: 2F 3-2: Strikes out swinging
|
| Bottom of the 2nd over - 1 run, 1 hit, 0 errors, 0 left on base; Wichita State University 1 - University of Illinois 1 |
| TOP OF THE 3RD |
|
Wichita State University Shockers batting - Pitching for University of Illinois Fighting Illini : RHP Cesar Pulido
|
|
Batting: RHB Jonathan Iniguez
|
0-0: Swinging Strike 0-1: Ball 1-1: Ground out 2-3 (Groundball, 13S, EV 68.8 MPH)
|
|
Batting: RHB Jason Baldwin
|
0-0: Called Strike 0-1: Foul Ball, location: 2F 0-2: Ball 1-2: Strikes out swinging
|
|
Batting: RHB Zach Maguire
|
0-0: Called Strike 0-1: Ball 1-1: Ball 2-1: Foul Ball, location: 2F 2-2: Ball 3-2: Base on Balls
|
|
Batting: LHB Sam Williams
|
0-0: Foul Ball, location: 2F 0-1: Ball 1-1: Fly out, F9 (Flyball, 9LM, EV 87.5 MPH)
|
| Top of the 3rd over - 0 runs, 0 hits, 0 errors, 1 left on base; Wichita State University 1 - University of Illinois 1 |
| BOTTOM OF THE 3RD |
|
University of Illinois Fighting Illini batting - Pitching for Wichita State University Shockers : RHP Andres Guillen
|
|
Batting: RHB Raul Franco
|
0-0: Ball 1-0: SINGLE (Line Drive, 7S, EV 104.4 MPH)
|
|
Batting: RHB Yankel Pensak
|
0-0: Ball 1-0: Swinging Strike 1-1: Ball 2-1: Ball 3-1: Called Strike 3-2: Grounds into double play, 4-6-3 (Groundball, 4, EV 88.1 MPH)
|
|
Batting: RHB Nick Lombardo
|
0-0: Ball 1-0: SINGLE (Groundball, 56D, EV 84.4 MPH) (infield hit)
|
|
Batting: RHB Justin Teague
|
0-0: Called Strike Nick Lombardo steals 2nd base 0-1: Ground out 1-3 (Groundball, 13S, EV 70.0 MPH)
|
| Bottom of the 3rd over - 0 runs, 2 hits, 0 errors, 1 left on base; Wichita State University 1 - University of Illinois 1 |
| TOP OF THE 4TH |
|
Wichita State University Shockers batting - Pitching for University of Illinois Fighting Illini : RHP Cesar Pulido
|
|
Batting: RHB Bill Nguyen-Tan
|
0-0: Ball 1-0: Called Strike 1-1: Foul Ball, location: 2F 1-2: Fly out, F8 (Line Drive, 8RM, EV 95.6 MPH)
|
|
Batting: LHB Steve LeGrand
|
0-0: Ball 1-0: Ball 2-0: Ball 3-0: Base on Balls
|
|
Batting: RHB Alex Campos
|
0-0: Ball 1-0: Foul Ball, location: 2F 1-1: Ball 2-1: Ball 3-1: Base on Balls Steve LeGrand to second
|
|
Batting: SHB Houston Phillips
|
0-0: Ball 1-0: Ball 2-0: Foul Ball, location: 2F 2-1: Ball 3-1: Base on Balls Steve LeGrand to third Alex Campos to second
|
|
Batting: RHB Nick Gossman
|
0-0: Called Strike 0-1: Foul Ball, location: 2F 0-2: Ball 1-2: Ball 2-2: Foul Ball, location: 2F 2-2: Foul Ball, location: 2F 2-2: Ball 3-2: Foul Ball, location: 2F 3-2: Foul Ball, location: 2F 3-2: Foul Ball, location: 2F 3-2: Base on Balls Steve LeGrand scores Alex Campos to third Houston Phillips to second
|
|
Batting: RHB Jonathan Iniguez
|
0-0: Foul Ball, location: 2F 0-1: Ball 1-1: Foul Ball, location: 2F 1-2: Foul Ball, location: 2F 1-2: Fielders Choice at 2nd, 4-6 (Groundball, 4S, EV 81.2 MPH) Alex Campos scores Houston Phillips to third
|
|
Batting: RHB Jason Baldwin
|
0-0: Ball 1-0: Swinging Strike 1-1: Fly out, F7 (Flyball, 7LM, EV 76.2 MPH)
|
| Top of the 4th over - 2 runs, 0 hits, 0 errors, 2 left on base; Wichita State University 3 - University of Illinois 1 |
| BOTTOM OF THE 4TH |
|
University of Illinois Fighting Illini batting - Pitching for Wichita State University Shockers : RHP Andres Guillen
|
|
Batting: SHB Ryan Buchbinder
|
0-0: Ball 1-0: Ball 2-0: Ball 3-0: Called Strike 3-1: SOLO HOME RUN (Flyball, 7LD, EV 94.4 MPH), Distance : 338 ft
|
|
Batting: RHB Eric Brandenburg
|
0-0: Fly out, F4 (Popup, 4M, EV 61.2 MPH)
|
|
Batting: RHB Tim Jobe
|
0-0: Called Strike 0-1: Foul Ball, location: 2F 0-2: Ball 1-2: Ground out U3 (Groundball, 3L, EV 86.2 MPH)
|
|
Batting: RHB Vinny Torres
|
0-0: Ball 1-0: Ball 2-0: Fly out, F7 (Flyball, 78M, EV 83.1 MPH)
|
| Bottom of the 4th over - 1 run, 1 hit, 0 errors, 0 left on base; Wichita State University 3 - University of Illinois 2 |
| TOP OF THE 5TH |
|
Wichita State University Shockers batting - Pitching for University of Illinois Fighting Illini : RHP Cesar Pulido
|
|
Pitching: RHP Lazaro Ramirez
|
|
|
Batting: RHB Zach Maguire
|
0-0: Called Strike 0-1: Foul Ball, location: 2F 0-2: Ball 1-2: SOLO HOME RUN (Flyball, 7D, EV 98.1 MPH), Distance : 379 ft
|
|
Batting: LHB Sam Williams
|
0-0: Ball 1-0: Swinging Strike 1-1: Ball 2-1: Foul Ball, location: 2F 2-2: Ball 3-2: Base on Balls
|
|
Batting: RHB Bill Nguyen-Tan
|
0-0: Called Strike 0-1: Called Strike 0-2: Ball 1-2: Ball 2-2: 2-RUN HOME RUN (Line Drive, 78XD, EV 111.2 MPH), Distance : 440 ft
|
|
Pitching: RHP Leon Gadsden
|
|
|
Batting: LHB Steve LeGrand
|
0-0: Foul Ball, location: 2LF, Error on foul ball, E2 0-1: Ball 1-1: Ball 2-1: Foul Ball, location: 2F 2-2: Ball 3-2: Strikes out swinging
|
|
Batting: RHB Alex Campos
|
0-0: Foul Ball, location: 2F 0-1: Ball 1-1: Ball 2-1: Swinging Strike 2-2: Foul Ball, location: 2F 2-2: Ball 3-2: Foul Ball, location: 2F 3-2: Strikes out swinging
|
|
Batting: SHB Houston Phillips
|
0-0: Ball 1-0: Foul Ball, location: 2F 1-1: Called Strike 1-2: Fly out, F8 (Flyball, 8LS, EV 84.4 MPH)
|
| Top of the 5th over - 3 runs, 2 hits, 1 error, 0 left on base; Wichita State University 6 - University of Illinois 2 |
| BOTTOM OF THE 5TH |
|
University of Illinois Fighting Illini batting - Pitching for Wichita State University Shockers : RHP Andres Guillen
|
|
Batting: SHB Robert Soto
|
0-0: Foul Ball, location: 2F 0-1: Ball 1-1: Ball 2-1: Ball 3-1: Fly out, F6 (Line Drive, 6, EV 73.1 MPH)
|
|
Batting: RHB Raul Franco
|
0-0: Ball 1-0: Called Strike 1-1: Foul Ball, location: 2F 1-2: Strikes out swinging
|
|
Batting: RHB Yankel Pensak
|
0-0: Ball 1-0: Called Strike 1-1: Ground out 5-3 (Groundball, 56, EV 91.9 MPH)
|
| Bottom of the 5th over - 0 runs, 0 hits, 0 errors, 0 left on base; Wichita State University 6 - University of Illinois 2 |
| TOP OF THE 6TH |
|
Wichita State University Shockers batting - Pitching for University of Illinois Fighting Illini : RHP Leon Gadsden
|
|
Batting: RHB Nick Gossman
|
0-0: Called Strike 0-1: Ball 1-1: SINGLE (Line Drive, 7S, EV 106.9 MPH)
|
|
Batting: RHB Jonathan Iniguez
|
0-0: Ball 1-0: Sac Bunt to 5S - play at first, batter OUT! 5-4 Nick Gossman to second
|
|
Pitching: RHP Victor Cisneros
|
|
|
Batting: RHB Jason Baldwin
|
0-0: Fly out, F8 (Flyball, 78D, EV 86.9 MPH)
|
|
Batting: RHB Zach Maguire
|
0-0: Ball 1-0: Called Strike 1-1: Ball 2-1: Ball 3-1: Swinging Strike 3-2: Foul Ball, location: 2F 3-2: Strikes out swinging
|
| Top of the 6th over - 0 runs, 1 hit, 0 errors, 1 left on base; Wichita State University 6 - University of Illinois 2 |
| BOTTOM OF THE 6TH |
|
University of Illinois Fighting Illini batting - Pitching for Wichita State University Shockers : RHP Andres Guillen
|
|
Pitching: RHP David Landa
|
|
|
Batting: RHB Nick Lombardo
|
0-0: Ball 1-0: Ball 2-0: Ball 3-0: Called Strike 3-1: Base on Balls
|
|
Batting: RHB Justin Teague
|
0-0: Ball 1-0: Called Strike 1-1: Foul Ball, location: 2F 1-2: Strikes out looking
|
|
Batting: SHB Ryan Buchbinder
|
0-0: Ball 1-0: Called Strike 1-1: Foul Ball, location: 2F 1-2: Foul Ball, location: 2F 1-2: Strikes out swinging Nick Lombardo steals 2nd base Batter strikes out.
|
|
Batting: RHB Eric Brandenburg
|
0-0: Ground out 6-3 (Groundball, 6, EV 91.2 MPH)
|
| Bottom of the 6th over - 0 runs, 0 hits, 0 errors, 1 left on base; Wichita State University 6 - University of Illinois 2 |
| TOP OF THE 7TH |
|
Wichita State University Shockers batting - Pitching for University of Illinois Fighting Illini : RHP Victor Cisneros
|
|
Batting: LHB Sam Williams
|
0-0: Called Strike 0-1: Ball 1-1: Ball 2-1: Foul Ball, location: 2F 2-2: Foul Ball, location: 2F 2-2: Strikes out swinging
|
|
Batting: RHB Bill Nguyen-Tan
|
0-0: Foul Ball, location: 2F 0-1: Foul Ball, location: 2F 0-2: Ground out 5-3 (Groundball, 5, EV 85.0 MPH)
|
|
Batting: LHB Steve LeGrand
|
0-0: Called Strike 0-1: DOUBLE (Line Drive, 9LM, EV 103.8 MPH)
|
|
Batting: RHB Alex Campos
|
0-0: Ball 1-0: Foul Ball, location: 2F 1-1: Ball 2-1: Ball 3-1: Base on Balls
|
|
Batting: SHB Houston Phillips
|
0-0: Ball 1-0: Foul Ball, location: 2F 1-1: Swinging Strike 1-2: Foul Ball, location: 2F 1-2: Ball 2-2: Strikes out swinging
|
| Top of the 7th over - 0 runs, 1 hit, 0 errors, 2 left on base; Wichita State University 6 - University of Illinois 2 |
| BOTTOM OF THE 7TH |
|
University of Illinois Fighting Illini batting - Pitching for Wichita State University Shockers : RHP David Landa
|
|
Pitching: RHP Dustin Nichols
|
|
|
Batting: RHB Tim Jobe
|
0-0: Ball 1-0: Ball 2-0: SINGLE (Groundball, 6MS, EV 68.1 MPH) (infield hit)
|
|
Batting: RHB Vinny Torres
|
0-0: Called Strike 0-1: Fly out, F7 (Flyball, 7, EV 78.1 MPH)
|
|
Batting: SHB Robert Soto
|
0-0: Called Strike 0-1: Ball 1-1: Ball 2-1: Foul Ball, location: 2F 2-2: Ball 3-2: Fly out, F8 (Flyball, 8LS, EV 93.1 MPH)
|
|
Batting: RHB Raul Franco
|
0-0: Ball 1-0: Fielders Choice at 2nd, 6-4 (Groundball, 6, EV 95.6 MPH)
|
| Bottom of the 7th over - 0 runs, 1 hit, 0 errors, 1 left on base; Wichita State University 6 - University of Illinois 2 |
| TOP OF THE 8TH |
|
Wichita State University Shockers batting - Pitching for University of Illinois Fighting Illini : RHP Victor Cisneros
|
|
Pitching: RHP Dave Meyer
|
|
|
Batting: RHB Nick Gossman
|
0-0: Ball 1-0: Ball 2-0: Called Strike 2-1: Ball 3-1: DOUBLE (Line Drive, 8LXD, EV 100.6 MPH)
|
|
Batting: RHB Jonathan Iniguez
|
0-0: Ground out U3 (Groundball, 3, EV 108.8 MPH) Nick Gossman to third
|
|
Batting: RHB Jason Baldwin
|
0-0: Called Strike 0-1: Fly out, F3 (Popup, 3S, EV 65.6 MPH)
|
|
Batting: RHB Zach Maguire
|
0-0: Called Strike 0-1: Ball 1-1: Ball 2-1: SINGLE (Groundball, 5D, EV 100.6 MPH) Nick Gossman scores
|
|
Batting: LHB Sam Williams
|
0-0: Called Strike 0-1: Ball 1-1: Foul Ball, location: 2F 1-2: Ball 2-2: Strikes out looking
|
| Top of the 8th over - 1 run, 2 hits, 0 errors, 1 left on base; Wichita State University 7 - University of Illinois 2 |
| BOTTOM OF THE 8TH |
|
University of Illinois Fighting Illini batting - Pitching for Wichita State University Shockers : RHP Dustin Nichols
|
|
Pinch Hitting: LHB George Roben
|
0-0: Ball 1-0: Called Strike 1-1: Called Strike 1-2: Ball 2-2: SINGLE (Groundball, 3D, EV 98.1 MPH)
|
|
Batting: RHB Nick Lombardo
|
0-0: Ball 1-0: Called Strike 1-1: Ball 2-1: Fly out, F7 (Line Drive, 7, EV 111.2 MPH)
|
|
Pitching: RHP Franklin Vazquez
|
|
|
Pinch Hitting: SHB Matt Urbani
|
0-0: Ball 1-0: Grounds into double play, 4-6-3 (Groundball, 4, EV 80.0 MPH)
|
| Bottom of the 8th over - 0 runs, 1 hit, 0 errors, 0 left on base; Wichita State University 7 - University of Illinois 2 |
| TOP OF THE 9TH |
|
Wichita State University Shockers batting - Pitching for University of Illinois Fighting Illini : RHP Dave Meyer
|
|
Now at 2B: George Roben
|
|
|
Now in LF: Matt Urbani
|
|
|
Batting: RHB Bill Nguyen-Tan
|
0-0: Called Strike 0-1: Foul Ball, location: 2F 0-2: Ball 1-2: Ground out 4-3 (Groundball, 4, EV 77.5 MPH)
|
|
Pitching: RHP Lazaro Vasquez
|
|
|
Batting: LHB Steve LeGrand
|
0-0: Called Strike 0-1: Ball 1-1: Ball 2-1: Called Strike 2-2: Foul Ball, location: 2F 2-2: Strikes out swinging
|
|
Batting: RHB Alex Campos
|
0-0: Foul Ball, location: 2F 0-1: Ball 1-1: Called Strike 1-2: Ball 2-2: Ball 3-2: SINGLE (Groundball, 6MS, EV 61.2 MPH) (infield hit)
|
|
Batting: SHB Houston Phillips
|
0-0: Ball 1-0: Ball 2-0: Fielders Choice at 2nd, 5-4 (Groundball, 56, EV 78.1 MPH)
|
| Top of the 9th over - 0 runs, 1 hit, 0 errors, 1 left on base; Wichita State University 7 - University of Illinois 2 |
| BOTTOM OF THE 9TH |
|
University of Illinois Fighting Illini batting - Pitching for Wichita State University Shockers : RHP Franklin Vazquez
|
|
Batting: SHB Ryan Buchbinder
|
0-0: Ball 1-0: Ball 2-0: Swinging Strike 2-1: Ball 3-1: Base on Balls
|
|
Batting: RHB Eric Brandenburg
|
0-0: Ball 1-0: Ball 2-0: Fly out, F8 (Flyball, 8RD, EV 98.1 MPH)
|
|
Batting: RHB Tim Jobe
|
0-0: Swinging Strike 0-1: Foul Ball, location: 2F 0-2: Ball 1-2: Ball 2-2: Ball 3-2: Foul Ball, location: 2F 3-2: Foul Ball, location: 2F 3-2: Foul Ball, location: 2F 3-2: SINGLE (Groundball, P, EV 80.6 MPH) (infield hit) Ryan Buchbinder to second
|
|
Batting: RHB Vinny Torres
|
0-0: Fly out, F9 (Flyball, 9S, EV 92.5 MPH)
|
|
Batting: SHB Robert Soto
|
0-0: Ball 1-0: Ball 2-0: Ball 3-0: Called Strike 3-1: Foul Ball, location: 2F 3-2: Ground out 4-3 (Groundball, 4, EV 91.2 MPH)
|
| Bottom of the 9th over - 0 runs, 1 hit, 0 errors, 2 left on base; Wichita State University 7 - University of Illinois 2 |
|